PBL
AMARILLO THUNDERHEADS @ COLORADO AVALANCHE
06/14/2044
 
TOP OF THE 1ST
Amarillo ThunderHeads batting - Pitching for Colorado Avalanche : RHP Zach Sommer
Pitching: RHP Zach Sommer
Batting: SHB Tim Rogers 0-0: Ball
1-0: Ball
2-0: Foul Ball, location: 2F
2-1: Ground out 2-3 (Groundball, 2R, EV 75.0 MPH)
Batting: RHB Luis Reyna 0-0: Reached on error, E5 (Groundball, 56, EV 91.2 MPH)
Batting: RHB Sal Cervantes 0-0: Called Strike
0-1: Ball
1-1: Ball
2-1: Grounds into double play, 5-4-3 (Groundball, 5L, EV 98.1 MPH)
Top of the 1st over - 0 runs, 0 hits, 1 error, 0 left on base; Amarillo 0 - Colorado 0
BOTTOM OF THE 1ST
Colorado Avalanche batting - Pitching for Amarillo ThunderHeads : RHP Bobby Scott
Pitching: RHP Bobby Scott
Batting: RHB Kevin Tangeman 0-0: Fly out, F6 (Flyball, 6D, EV 88.8 MPH)
Batting: LHB Paul McClintock 0-0: Foul Ball, location: 2F
0-1: Ball
1-1: Ground out 5-3 (Groundball, 56, EV 82.5 MPH)
Batting: SHB Jamie Mims 0-0: Called Strike
0-1: Ball
1-1: Ball
2-1: SINGLE (Line Drive, 4MD, EV 96.2 MPH)
Batting: RHB Ray Insley 0-0: Foul Ball, location: 2F
0-1: Fly out, F8 (Line Drive, 8LD, EV 105.6 MPH)
Bottom of the 1st over - 0 runs, 1 hit, 0 errors, 1 left on base; Amarillo 0 - Colorado 0
TOP OF THE 2ND
Amarillo ThunderHeads batting - Pitching for Colorado Avalanche : RHP Zach Sommer
Batting: LHB Santino Pisanello 0-0: Called Strike
0-1: Ball
1-1: Foul Ball, location: 2F
1-2: Fly out, F8 (Flyball, 8LD, EV 105.0 MPH)
Batting: RHB Kelly Cole 0-0: Ball
1-0: Ball
2-0: Ball
3-0: Base on Balls
Batting: RHB Elias Sagrero 0-0: Called Strike
0-1: Fly out, F9 (Flyball, 89S, EV 86.2 MPH)
Batting: RHB Luis Solorzano 0-0: Foul Ball, location: 2F
0-1: Ball
1-1: Foul Ball, location: 2F
1-2: Foul Ball, location: 2F
1-2: SINGLE (Line Drive, 8RS, EV 89.4 MPH)
Kelly Cole to second
Batting: RHB Ron Squires 0-0: Ball
1-0: Ball
2-0: Ball
Wild Pitch!
Kelly Cole to third
Luis Solorzano to second
3-0: Called Strike
3-1: Base on Balls
Batting: SHB Tyler Romo 0-0: Ball
1-0: Ball
2-0: Ball
3-0: Base on Balls
Kelly Cole scores
Luis Solorzano to third
Ron Squires to second
Batting: SHB Tim Rogers 0-0: Ball
1-0: SINGLE (Line Drive, 9S, EV 101.9 MPH)
Luis Solorzano scores
Ron Squires to third
Tyler Romo to second
Runner from 3rd tries for Home, throw by RF and OUT! 9-2
Top of the 2nd over - 2 runs, 2 hits, 0 errors, 2 left on base; Amarillo 2 - Colorado 0
BOTTOM OF THE 2ND
Colorado Avalanche batting - Pitching for Amarillo ThunderHeads : RHP Bobby Scott
Batting: RHB John Corfield 0-0: Called Strike
0-1: SOLO HOME RUN (Line Drive, 9D, EV 98.1 MPH), Distance : 385 ft
Batting: RHB Manny Thompson 0-0: Ball
1-0: Fly out, F9 (Flyball, 9, EV 88.1 MPH)
Batting: RHB Bob Hayes 0-0: Called Strike
0-1: Ball
1-1: Ball
2-1: Called Strike
2-2: Ball
3-2: Foul Ball, location: 2F
3-2: Strikes out looking
Batting: RHB Maurice Moore 0-0: Called Strike
0-1: Ball
1-1: Ball
2-1: Fly out, F9 (Flyball, 9LM, EV 85.6 MPH)
Bottom of the 2nd over - 1 run, 1 hit, 0 errors, 0 left on base; Amarillo 2 - Colorado 1
TOP OF THE 3RD
Amarillo ThunderHeads batting - Pitching for Colorado Avalanche : RHP Zach Sommer
Batting: RHB Luis Reyna 0-0: Ball
1-0: SINGLE (Groundball, 56D, EV 95.0 MPH)
Batting: RHB Sal Cervantes 0-0: Ball
1-0: Called Strike
1-1: Ball
2-1: Called Strike
2-2: Foul Ball, location: 2F
2-2: Ball
Luis Reyna is caught stealing 2nd base 2-4
3-2: SINGLE (Groundball, 6S, EV 64.4 MPH) (infield hit)
Batting: LHB Santino Pisanello 0-0: Ball
1-0: Ball
2-0: Ball
3-0: Called Strike
3-1: Called Strike
3-2: Ground out 4-3 (Groundball, 34D, EV 80.6 MPH)
Sal Cervantes to second
Batting: RHB Kelly Cole 0-0: Foul Ball, location: 2F
0-1: SINGLE (Groundball, 6MD, EV 100.0 MPH)
Sal Cervantes to third
Runner from 3rd tries for Home, SAFE, throw by CF to home
Batting: RHB Elias Sagrero 0-0: Ball
1-0: Ball
2-0: Ball
3-0: Base on Balls
Kelly Cole to second
Batting: RHB Luis Solorzano 0-0: Ball
1-0: Called Strike
1-1: Ball
2-1: Ball
3-1: Base on Balls
Kelly Cole to third
Elias Sagrero to second
Pitching: RHP Josh Lofgreen
Batting: RHB Ron Squires 0-0: Called Strike
0-1: Fielders Choice at 2nd, 5-4 (Groundball, 5L, EV 82.5 MPH)
Top of the 3rd over - 1 run, 3 hits, 0 errors, 3 left on base; Amarillo 3 - Colorado 1
BOTTOM OF THE 3RD
Colorado Avalanche batting - Pitching for Amarillo ThunderHeads : RHP Bobby Scott
Batting: SHB Clayton Saunders 0-0: Called Strike
0-1: DOUBLE (Line Drive, 7LM, EV 108.1 MPH)
Batting: RHB Kevin Tangeman 0-0: Called Strike
0-1: Swinging Strike
0-2: Ball
1-2: Foul Ball, location: 2F
1-2: Ball
2-2: Strikes out swinging
Batting: LHB Paul McClintock 0-0: Ground out U3 (Groundball, 3, EV 101.2 MPH)
Clayton Saunders to third
Batting: SHB Jamie Mims 0-0: Ground out 6-3 (Groundball, 4M, EV 84.4 MPH)
Bottom of the 3rd over - 0 runs, 1 hit, 0 errors, 1 left on base; Amarillo 3 - Colorado 1
TOP OF THE 4TH
Amarillo ThunderHeads batting - Pitching for Colorado Avalanche : RHP Josh Lofgreen
Batting: SHB Tyler Romo 0-0: Foul Ball, location: 2F
0-1: Ball
1-1: Fly out, F8 (Flyball, 8RD, EV 100.0 MPH)
Batting: SHB Tim Rogers 0-0: Foul Ball, location: 2F
0-1: Ball
1-1: Ball
2-1: Swinging Strike
2-2: Ball
3-2: Foul Ball, location: 2F
3-2: Base on Balls
Batting: RHB Luis Reyna 0-0: SINGLE (Groundball, 56S, EV 76.2 MPH) (infield hit)
Tim Rogers to second
Batting: RHB Sal Cervantes 0-0: Foul Ball, location: 2F
0-1: DOUBLE (Line Drive, 9LD, EV 107.5 MPH)
Tim Rogers scores
Luis Reyna to third
Batting: LHB Santino Pisanello 0-0: Ball
1-0: Ground out 6-3 (Groundball, 6MD, EV 88.8 MPH)
Luis Reyna scores
Sal Cervantes to third
Batting: RHB Kelly Cole 0-0: Called Strike
0-1: Foul Ball, location: 2F
0-2: Foul Ball, location: 2F
0-2: Ball
1-2: Ground out 6-3 (Groundball, 6, EV 90.6 MPH)
Top of the 4th over - 2 runs, 2 hits, 0 errors, 1 left on base; Amarillo 5 - Colorado 1
BOTTOM OF THE 4TH
Colorado Avalanche batting - Pitching for Amarillo ThunderHeads : RHP Bobby Scott
Batting: RHB Ray Insley 0-0: Called Strike
0-1: Ball
1-1: Swinging Strike
1-2: Ground out 1-3 (Groundball, 15S, EV 71.2 MPH)
Batting: RHB John Corfield 0-0: Ball
1-0: Ball
2-0: Ball
3-0: Base on Balls
Batting: RHB Manny Thompson 0-0: Ball
1-0: Ball
2-0: Grounds into double play, 6-4-3 (Groundball, 6, EV 98.1 MPH)
Bottom of the 4th over - 0 runs, 0 hits, 0 errors, 0 left on base; Amarillo 5 - Colorado 1
TOP OF THE 5TH
Amarillo ThunderHeads batting - Pitching for Colorado Avalanche : RHP Josh Lofgreen
Batting: RHB Elias Sagrero 0-0: SINGLE (Flyball, 78S, EV 93.8 MPH)
Batting: RHB Luis Solorzano 0-0: Ball
1-0: Ball
Passed Ball!
Elias Sagrero to second
2-0: Called Strike
2-1: Fly out, F9 (Flyball, 9LM, EV 105.0 MPH)
Runner from 2nd tags up, SAFE at 3rd with throw by RF
Batting: RHB Ron Squires 0-0: Ball
1-0: Called Strike
1-1: Called Strike
1-2: Fly out, F7 (Flyball, 7, EV 90.6 MPH)
Runner from 3rd tags up, OUT at HOME! 7-2
Top of the 5th over - 0 runs, 1 hit, 0 errors, 0 left on base; Amarillo 5 - Colorado 1
BOTTOM OF THE 5TH
Colorado Avalanche batting - Pitching for Amarillo ThunderHeads : RHP Bobby Scott
Batting: RHB Bob Hayes 0-0: Ball
1-0: Foul Ball, location: 2F
1-1: Fly out, F5 (Popup, 5F, EV 71.9 MPH)
Batting: RHB Maurice Moore 0-0: Foul Ball, location: 2F
0-1: Ball
1-1: Foul Ball, location: 2F
1-2: Foul Ball, location: 2F
1-2: Fly out, F2 (Popup, 3SF, EV 76.9 MPH)
Batting: SHB Clayton Saunders 0-0: Ball
1-0: Ball
2-0: Ball
3-0: Called Strike
3-1: Called Strike
3-2: Fly out, F8 (Flyball, 78D, EV 96.2 MPH)
Bottom of the 5th over - 0 runs, 0 hits, 0 errors, 0 left on base; Amarillo 5 - Colorado 1
TOP OF THE 6TH
Amarillo ThunderHeads batting - Pitching for Colorado Avalanche : RHP Josh Lofgreen
Batting: SHB Tyler Romo 0-0: Ball
1-0: Swinging Strike
1-1: Ball
2-1: Foul Ball, location: 2F
2-2: Foul Ball, location: 2F
2-2: Ball
3-2: Base on Balls
Batting: SHB Tim Rogers 0-0: Ball
Tyler Romo steals 2nd base
1-0: Called Strike
1-1: Ground out 6-3 (Groundball, 6S, EV 90.6 MPH)
Batting: RHB Luis Reyna 0-0: Called Strike
Tyler Romo steals 3rd base
0-1: Ball
1-1: Foul Ball, location: 2F
1-2: Ground out 6-3 (Groundball, 6D, EV 96.2 MPH)
Tyler Romo scores
Batting: RHB Sal Cervantes 0-0: Ball
1-0: Foul Ball, location: 2F
1-1: SINGLE (Flyball, 4MD, EV 88.1 MPH)
Batting: LHB Santino Pisanello 0-0: Called Strike
Sal Cervantes steals 2nd base
0-1: Ball
1-1: SINGLE (Groundball, 25, EV 71.2 MPH) (infield hit)
Sal Cervantes to third
Batting: RHB Kelly Cole 0-0: Called Strike
0-1: Foul Ball, location: 2F
0-2: SINGLE (Flyball, 9S, EV 84.4 MPH)
Sal Cervantes scores
Santino Pisanello to second
Runner from 2nd tries for 3rd, SAFE, throw by RF made to third
Batting: RHB Elias Sagrero 0-0: Ball
1-0: Ball
2-0: Ball
Wild Pitch!
Santino Pisanello scores
Kelly Cole to second
3-0: Called Strike
3-1: Swinging Strike
3-2: Base on Balls
Batting: RHB Luis Solorzano 0-0: Ball
1-0: Fly out, F8 (Flyball, 89S, EV 93.8 MPH)
Top of the 6th over - 3 runs, 3 hits, 0 errors, 2 left on base; Amarillo 8 - Colorado 1
BOTTOM OF THE 6TH
Colorado Avalanche batting - Pitching for Amarillo ThunderHeads : RHP Bobby Scott
Batting: RHB Kevin Tangeman 0-0: Called Strike
0-1: Foul Ball, location: 2F
0-2: Ball
1-2: Strikes out swinging
Batting: LHB Paul McClintock 0-0: Foul Ball, location: 2F
0-1: Ball
1-1: Ball
2-1: Called Strike
2-2: Fly out, F8 (Flyball, 89M, EV 86.2 MPH)
Batting: SHB Jamie Mims 0-0: Ball
1-0: Swinging Strike
1-1: Foul Ball, location: 2F
1-2: Fly out, F2 (Popup, 5SF, EV 85.0 MPH)
Bottom of the 6th over - 0 runs, 0 hits, 0 errors, 0 left on base; Amarillo 8 - Colorado 1
TOP OF THE 7TH
Amarillo ThunderHeads batting - Pitching for Colorado Avalanche : RHP Josh Lofgreen
Pitching: RHP Justin Jackson
Pinch Hitting: RHB Josh Shoemaker 0-0: Ball
1-0: SINGLE (Groundball, 4MD, EV 99.4 MPH)
Batting: SHB Tyler Romo 0-0: Ball
1-0: Ball
2-0: Called Strike
2-1: Ball
3-1: Called Strike
3-2: Foul Ball, location: 2F
3-2: Base on Balls
Josh Shoemaker to second
Pinch Hitting: RHB Bill Flannery 0-0: Ball
1-0: Called Strike
1-1: SINGLE (Line Drive, 6M, EV 106.2 MPH)
Josh Shoemaker to third
Tyler Romo to second
Throwing error, E8
Josh Shoemaker scores
Tyler Romo to third
Bill Flannery to second
Batting: RHB Luis Reyna 0-0: Called Strike
0-1: Ball
1-1: Foul Ball, location: 2F
1-2: Ball
2-2: Strikes out swinging
Batting: RHB Sal Cervantes 0-0: Ball
1-0: Ball
2-0: Called Strike
2-1: Ball
3-1: Foul Ball, location: 2F
3-2: Base on Balls
Pinch Hitting: RHB Eric Juarez 0-0: Called Strike
0-1: Ball
1-1: Foul Ball, location: 2F
1-2: Grounds into double play, 5-4-3 (Groundball, 56, EV 108.1 MPH)
Top of the 7th over - 1 run, 2 hits, 1 error, 2 left on base; Amarillo 9 - Colorado 1
BOTTOM OF THE 7TH
Colorado Avalanche batting - Pitching for Amarillo ThunderHeads : RHP Bobby Scott
Now at SS: Bill Flannery
Now in LF: Eric Juarez
Now in RF: Sam Voss
Batting: RHB Ray Insley 0-0: Called Strike
0-1: Ball
1-1: Fly out, F7 (Flyball, 7LM, EV 96.9 MPH)
Batting: RHB John Corfield 0-0: Ground out 4-3 (Groundball, 4, EV 101.2 MPH)
Batting: RHB Manny Thompson 0-0: Ball
1-0: Called Strike
1-1: SINGLE (Line Drive, 7S, EV 85.6 MPH)
Batting: RHB Bob Hayes 0-0: Ball
1-0: Ground out 4-3 (Groundball, 4, EV 85.0 MPH)
Bottom of the 7th over - 0 runs, 1 hit, 0 errors, 1 left on base; Amarillo 9 - Colorado 1
TOP OF THE 8TH
Amarillo ThunderHeads batting - Pitching for Colorado Avalanche : RHP Justin Jackson
Batting: RHB Kelly Cole 0-0: Ball
1-0: SINGLE (Line Drive, 4MD, EV 98.1 MPH)
Batting: RHB Elias Sagrero 0-0: Called Strike
0-1: DOUBLE (Line Drive, 7LS, EV 97.5 MPH)
Kelly Cole to third
Runner from 3rd tries for Home, SAFE, throw by LF to home
Batting: RHB Luis Solorzano 0-0: Called Strike
0-1: Ball
1-1: SINGLE (Groundball, 56D, EV 102.5 MPH)
Elias Sagrero to third
Runner from 3rd tries for Home, SAFE, throw by LF to home
Batting: RHB Sam Voss 0-0: Ball
1-0: Called Strike
1-1: Ball
2-1: SINGLE (Flyball, 4D, EV 95.6 MPH)
Luis Solorzano to second
Batting: SHB Tyler Romo 0-0: Ball
1-0: Ball
Balk!
Luis Solorzano to third
Sam Voss to second
2-0: Ball
3-0: Base on Balls
Pitching: RHP Matviy Oliynyk
Batting: RHB Bill Flannery 0-0: SINGLE (Groundball, 6D, EV 106.2 MPH)
Luis Solorzano scores
Sam Voss to third
Tyler Romo to second
Batting: RHB Luis Reyna 0-0: Grounds into fielders choice 1-2 (Groundball, 13S, EV 74.4 MPH)
Tyler Romo to third
Bill Flannery to second
Batting: RHB Sal Cervantes 0-0: Ball
1-0: Foul Ball, location: 2F
1-1: Foul Ball, location: 2F
1-2: Fly out, F7 (Flyball, 78S, EV 71.9 MPH)
Batting: RHB Eric Juarez 0-0: Called Strike
0-1: Ball
1-1: Ball
2-1: Ball
3-1: Foul Ball, location: 2F
3-2: Base on Balls
Tyler Romo scores
Bill Flannery to third
Luis Reyna to second
Batting: RHB Kelly Cole 0-0: Called Strike
0-1: Fielders Choice at 2nd, 5-4 (Groundball, 56, EV 85.0 MPH)
Top of the 8th over - 4 runs, 5 hits, 0 errors, 3 left on base; Amarillo 13 - Colorado 1
BOTTOM OF THE 8TH
Colorado Avalanche batting - Pitching for Amarillo ThunderHeads : RHP Bobby Scott
Batting: RHB Maurice Moore 0-0: Ball
1-0: Foul Ball, location: 2F
1-1: Called Strike
1-2: Ball
2-2: Ball
3-2: Foul Ball, location: 2F
3-2: Foul Ball, location: 2F
3-2: Strikes out swinging
Batting: SHB Clayton Saunders 0-0: Ball
1-0: Ground out U3 (Groundball, 34, EV 84.4 MPH)
Batting: RHB Kevin Tangeman 0-0: Called Strike
0-1: Swinging Strike
0-2: Ball
1-2: Ball
2-2: Ground out 1-3 (Groundball, P, EV 75.6 MPH)
Bottom of the 8th over - 0 runs, 0 hits, 0 errors, 0 left on base; Amarillo 13 - Colorado 1
TOP OF THE 9TH
Amarillo ThunderHeads batting - Pitching for Colorado Avalanche : RHP Matviy Oliynyk
Batting: RHB Elias Sagrero 0-0: Called Strike
0-1: Foul Ball, location: 2F
0-2: Ball
1-2: Strikes out swinging
Batting: RHB Luis Solorzano 0-0: Called Strike
0-1: Ball
1-1: Swinging Strike
1-2: Ball
2-2: Ground out 4-3 (Groundball, 4, EV 86.2 MPH)
Batting: RHB Sam Voss 0-0: Called Strike
0-1: Fly out, F8 (Flyball, 8LXD, EV 101.2 MPH)
Top of the 9th over - 0 runs, 0 hits, 0 errors, 0 left on base; Amarillo 13 - Colorado 1
BOTTOM OF THE 9TH
Colorado Avalanche batting - Pitching for Amarillo ThunderHeads : RHP Bobby Scott
Batting: LHB Paul McClintock 0-0: Ball
1-0: Ball
2-0: Foul Ball, location: 2F
2-1: Reached on error, E3 (Groundball, 34, EV 102.5 MPH)
Batting: SHB Jamie Mims 0-0: Ball
1-0: Ball
2-0: Foul Ball, location: 2F
2-1: SINGLE (Groundball, 4MD, EV 103.8 MPH)
Paul McClintock to third
Batting: RHB Ray Insley 0-0: Ball
1-0: Foul Ball, location: 2F
1-1: SINGLE (Groundball, 5D, EV 106.2 MPH)
Paul McClintock scores
Jamie Mims to second
Batting: RHB John Corfield 0-0: Called Strike
0-1: Called Strike
0-2: Foul Ball, location: 2F
0-2: Fly out, F9 (Flyball, 9LS, EV 95.6 MPH)
Batting: RHB Manny Thompson 0-0: Called Strike
0-1: Swinging Strike
0-2: Ball
1-2: Ball
2-2: Foul Ball, location: 2F
2-2: Foul Ball, location: 2F
2-2: Strikes out swinging
Pinch Hitting: LHB Georges Lambert 0-0: Called Strike
0-1: Ball
1-1: Ball
2-1: Swinging Strike
2-2: Foul Ball, location: 2F
2-2: SINGLE (Groundball, 4M, EV 83.8 MPH) (infield hit)
Jamie Mims to third
Ray Insley to second
Pitching: LHP Victor Carde
Batting: RHB Maurice Moore 0-0: Ball
1-0: Foul Ball, location: 2F
1-1: SINGLE (Flyball, 89S, EV 97.5 MPH)
Jamie Mims scores
Ray Insley to third
Georges Lambert to second
Pinch Hitting: RHB Dan Hoffman 0-0: SINGLE (Groundball, 6MD, EV 95.0 MPH)
Ray Insley scores
Georges Lambert to third
Maurice Moore to second
Batting: RHB Kevin Tangeman 0-0: Called Strike
0-1: SINGLE (Flyball, 78S, EV 87.5 MPH)
Georges Lambert scores
Maurice Moore to third
Dan Hoffman to second
Pinch Hitting: SHB Brad Madden 0-0: Called Strike
0-1: Ball
1-1: Fly out, F7 (Flyball, 7LS, EV 93.1 MPH)
Bottom of the 9th over - 4 runs, 6 hits, 1 error, 3 left on base; Amarillo 13 - Colorado 5
Thursday, March 31st , 2022 - OOTP Baseball 22.12 Build 89